 Dungeon Crawl Stone Soup version 0.16-a0-2757-g883b90a (console) character file.

54005 mauris the Destroyer (level 14, -5/76 HPs)
             Began as a High Elf Conjurer on Nov 24, 2014.
             Was the Champion of Sif Muna.
             Killed from afar by a manticore (12 damage)
             ... with a volley of spikes
             ... on level 7 of the Lair of Beasts on Nov 27, 2014.
             The game lasted 01:57:28 (35199 turns).

mauris the Destroyer (High Elf Conjurer)           Turns: 35199, Time: 01:57:28

Health: -5/76      AC:  7    Str:  7    XL:     14   Next: 33%
Magic:  9/35       EV: 21    Int: 24    God:    Sif Muna [******]
Gold:   1199       SH:  0    Dex: 17    Spells: 9 memorised, 6 levels left

rFire  + . .     SeeInvis .     o - +3 dagger (vamp)
rCold  . . .     Clarity  .     n - +2 robe {MR+}
rNeg   . . .     SustAb   .     (no shield)
rPois  .         Gourm    .     f - +0 helmet
rElec  .         Spirit   .     (no cloak)
rCorr  +         Warding  .     (no gloves)
rMut   .         Stasis   .     p - +1 pair of boots
MR     ++...                    g - amulet of resist corrosion
Stlth  ++........               Z - ring of wizardry
                                j - ring of protection from fire (curse)

@: manticore barbs, very slightly contaminated, very resistant to hostile
enchantments, unstealthy
A: no striking features
a: Channel Energy, Forget Spell, Renounce Religion


You were on level 7 of the Lair of Beasts.
You worshipped Sif Muna.
Sif Muna was exalted by your worship.
You were not hungry.

You visited 2 branches of the dungeon, and saw 19 of its levels.
You also visited: Sewer and Ice Cave.

You collected 1199 gold pieces.

Inventory:

Hand weapons
 o - a +3 vampiric dagger (weapon)
 w - a +0 blowgun
Missiles
 x - 31 poisoned needles
 U - a tomahawk (quivered)
Armour
 f - a +0 helmet (worn)
 n - a +2 robe of magic resistance (worn)
 p - a +1 pair of boots (worn)
Jewellery
 c - an uncursed ring of teleportation
 g - an amulet of resist corrosion (around neck)
 h - a +3 ring of dexterity
 j - a cursed ring of protection from fire (left hand)
 y - an uncursed ring of stealth
 Z - a ring of wizardry (right hand)
Magical devices
 e - a wand of enslavement (7)
 s - a wand of confusion (25)
 E - a wand of fire (6)
 I - a wand of teleportation (4)
 M - a wand of flame (1)
 N - a wand of digging (16)
 Q - a wand of magic darts (24)
 X - a wand of fire (1)
 Y - a wand of slowing (34)
Scrolls
 a - a scroll of fog
 i - 2 scrolls of magic mapping
 v - 3 scrolls of remove curse
 B - 4 scrolls of identify
 D - 2 scrolls of recharging
 H - a scroll of fear {unknown}
 L - a scroll of amnesia
 V - a scroll of enchant armour
Potions
 d - 3 potions of haste
 k - 4 potions of curing
 l - 5 potions of restore abilities
 q - 2 potions of might {unknown}
 u - 2 potions of brilliance {unknown}
 z - a potion of heal wounds
 A - a potion of flight {unknown}
 C - 2 potions of confusion {unknown}
 F - 3 potions of agility
 G - a potion of invisibility {unknown}
 J - a potion of mutation {unknown}
 K - a potion of resistance {unknown}
 P - 2 potions of berserk rage {unknown}
Books
 O - a book of Transfigurations

   Spells                             Type                      Level
   *Stoneskin                         Transmutation/Earth          2
   *Irradiate                         Conjuration/Transmutation    5
   Statue Form                        Transmutation/Earth          6
   Hydra Form                         Transmutation                6
   Dragon Form                        Transmutation                7
Comestibles
 b - 5 bread rations
 m - 2 chunks of flesh
 t - 7 meat rations
 R - 4 fruits
 S - 16 royal jellies
 T - 3 beef jerkies


   Skills:
 - Level 8.1 Short Blades
 + Level 11.7 Dodging
 - Level 2.1 Stealth
 + Level 12.1 Spellcasting
 + Level 14.7 Conjurations
 - Level 7.2 Charms
 - Level 10.0 Translocations
 - Level 7.0 Transmutations
 - Level 6.1 Evocations


You had 6 spell levels left.
You knew the following spells:

 Your Spells              Type           Power        Failure   Level  Hunger
a - Magic Dart            Conj           ####         0%          1    None
b - Searing Ray           Conj           ######       0%          2    None
c - Iskenderun's Mystic   Conj           ######..     1%          4    None
d - Iskenderun's Battles  Conj/Chrm      ######..     1%          5    ###....
e - Stoneskin             Trmt/Erth      ####....     1%          2    None
f - Flight                Chrm/Air       ####......   1%          3    None
g - Irradiate             Conj/Trmt      ######....   1%          5    ###....
p - Phase Shift           Tloc           ######....   1%          5    ###....
C - Control Teleport      Chrm/Tloc      ######....   1%          4    None


Dungeon Overview and Level Annotations

Branches:
Dungeon (12/15)            Temple (0/1) D:4            Lair (7/8) D:11
 Shoals (0/5) Lair:6       Spider (0/5) Lair:3          Orc (0/4) D:12
  Slime: Lair:6-8

Altars:
Ashenzari
Cheibriados
Dithmenos
Elyvilon
Fedhas
Gozag
Kikubaaqudgha
Qazlal
Sif Muna
Xom
The Shining One
Beogh

Shops:
D:5 =

Portals:
Trove: D:11 (give 16 potions of curing)

Annotations:
D:9 exclusion: moth of wrath
D:12 runed door
Lair:3 exclusion: oklob plant
Lair:7 exclusion: hydra


Message History

Casting: Iskenderun's Mystic Blast
Confirm with . or Enter, or press ? or * to list all spells.
Aiming: Iskenderun's Mystic Blast
Press: ? - help, Shift-Dir - straight line, f/p - eight-headed hydra
Aim: an eight-headed hydra (severely wounded)
The orb of energy hits the eight-headed hydra.
The eight-headed hydra is almost dead.
The manticore flicks its tail.
The volley of spikes hits you!
Casting: Iskenderun's Mystic Blast
Confirm with . or Enter, or press ? or * to list all spells.
Aiming: Iskenderun's Mystic Blast
Press: ? - help, Shift-Dir - straight line, f/p - eight-headed hydra
Aim: an eight-headed hydra (almost dead)
The orb of energy hits the eight-headed hydra.
You kill the eight-headed hydra!
The manticore flicks its tail.
The volley of spikes hits you!
The barbed spikes become lodged in your body.
You die... ...........### . ....#..##....#.# ... ..........###.#÷# #.. ..P.....P..# #..## ... .......#PH..####.## ..Y. ...............÷..# ..Y# ..PP..P....).....## ..P# ...P#.PP..........## PP.

. #...PPP@..†.......# ...
.#....#P.P.PP...P..#####
... ..#...##...P...P.P##
.. ..#.#.#.##......### .
......# #.....P.## .
#PP...###......PP## .
##P.....#P.....(...## .
##.P.................##
.###.P...................#


You could see a manticore.

Vanquished Creatures
  Gastronok (D:11)
  Josephine (D:10)
  Harold (D:10)
  5 hydras
  Erica (D:10)
  3 death yaks
  Urug (D:11)
  Erolcha (D:9)
  6 hill giants
  2 manticores
  3 griffons
  An ugly thing (D:11)
  6 elephants
  10 spiny frogs
  A gargoyle (D:10)
  2 black mambas (Lair:5)
  A kobold demonologist (D:11)
  3 centaur skeletons (D:10)
  4 komodo dragons
  5 fire drakes
  2 guardian mummies (D:11)
  The ghost of utis the Conjurer, an experienced DEEE (D:4)
  17 blink frogs
  A queen bee (Lair:2)
  3 trolls
  Grinder (D:6)
  4 slime creatures
  2 boulder beetles (Lair:5)
  A basilisk (Lair:1)
  5 wraiths (D:12)
  A steam dragon (Lair:4)
  34 yaks
  2 deep elf magi
  Eustachio (D:9)
  3 wyverns
  3 fire bats (D:12)
  A shadow (D:12)
  9 hippogriffs
  14 wolves
  A mottled dragon (D:12)
  A soldier ant (D:9)
  11 water moccasins
  7 porcupines
  8 sky beasts
  A yellow wasp (D:9)
  4 centaurs
  A black bear (D:9)
  10 ice beasts
  2 boring beetles
  3 phantoms
  7 orc warriors
  12 ogres
  Sigmund (D:3)
  9 crocodiles
  The ghost of utis the Digger, an average DEEE (D:3)
  5 big kobolds
  2 gnoll sergeants (D:11)
  A wyvern zombie (D:10)
  18 giant frogs
  4 scorpions
  37 killer bees
  10 wights
  2 giant frog zombies
  2 goliath beetles
  6 crimson imps
  A wyvern simulacrum (D:10)
  A yellow wasp zombie (D:10)
  A gnoll shaman (D:6)
  13 hounds
  9 iguanas
  4 jellies
  16 orc wizards
  2 giant frog skeletons
  Natasha (D:3)
  14 orc priests
  A water moccasin simulacrum (D:10)
  13 worker ants
  A hound zombie (D:5)
  2 mummies (D:11)
  Robin (D:3)
  A worker ant zombie (D:5)
  14 gnolls
  18 adders
  39 river rats
  2 shadow imps
  2 giant mites (D:5)
  12 white imps (Lair:1)
  4 worms
  An adder skeleton (D:6)
  2 giant geckos
  63 orcs
  3 bat skeletons
  3 giant cockroaches
  24 goblins
  14 hobgoblins
  8 jackals
  32 kobolds
  An ooze (D:6)
  11 quokkas
  5 ball pythons
  25 bats
  4 giant newts
  A jackal skeleton (D:9)
  A kobold zombie (D:9)
  A quokka zombie (D:5)
  21 rats
  A fungus (Lair:7)
722 creatures vanquished.

Vanquished Creatures (others)
  14 fungi
  4 plants
18 creatures vanquished.

Grand Total: 740 creatures vanquished

Notes
Turn   | Place    | Note
--------------------------------------------------------------
     0 | D:1      | mauris, the High Elf Conjurer, began the quest for the Orb.
     0 | D:1      | Reached XP level 1. HP: 11/11 MP: 4/4
   478 | D:1      | Reached skill level 5 in Conjurations
   478 | D:1      | Reached XP level 2. HP: 17/17 MP: 0/6
   484 | D:1      | Learned a level 2 spell: Searing Ray
  1024 | D:1      | Reached XP level 3. HP: 21/21 MP: 4/8
  1818 | D:2      | Found an ancient bone altar of Kikubaaqudgha.
  1818 | D:2      | Found a white marble altar of Elyvilon.
  1987 | D:3      | Noticed Sigmund
  2258 | D:3      | Found a deep blue altar of Sif Muna.
  2263 | D:3      | Noticed Robin
  2323 | D:3      | Killed Robin
  2323 | D:3      | Reached XP level 4. HP: 18/27 MP: 1/14
  2411 | D:3      | Learned a level 4 spell: Iskenderun's Mystic Blast
  2418 | D:3      | Became a worshipper of Sif Muna the Loreminder
  2611 | D:3      | Noticed an ogre
  2660 | D:3      | Noticed Natasha
  3187 | D:3      | Noticed utis' ghost (average DEEE)
  3193 | D:3      | Killed utis' ghost
  3193 | D:3      | Reached skill level 5 in Spellcasting
  3193 | D:3      | Reached XP level 5. HP: 31/31 MP: 0/18
  3751 | D:4      | Noticed a phantom
  4049 | D:4      | Found a staircase to the Ecumenical Temple.
  4111 | D:4      | Reached skill level 6 in Spellcasting
  4252 | D:4      | Noticed utis' ghost (experienced DEEE)
  4295 | D:4      | Killed utis' ghost
  4295 | D:4      | Acquired Sif Muna's first power
  4295 | D:4      | Reached skill level 7 in Spellcasting
  4295 | D:4      | Reached XP level 6. HP: 20/36 MP: 0/22
  4577 | D:4      | Noticed an ogre
  4583 | D:4      | Killed an ogre
  4583 | D:4      | Reached skill level 8 in Spellcasting
  4583 | D:4      | Reached XP level 7. HP: 41/41 MP: 11/25
  4930 | D:4      | Found an opulent altar of Gozag.
  4942 | D:4      | Noticed an ogre
  4946 | D:4      | Killed an ogre
  4946 | D:4      | Reached skill level 9 in Spellcasting
  4970 | D:4      | Acquired Sif Muna's second power
  5185 | D:4      | Found a stormy altar of Qazlal.
  5499 | D:5      | Entered Level 5 of the Dungeon
  5589 | D:5      | Found a glowing drain.
  5651 | Sewer    | Entered a sewer
  5820 | Sewer    | Reached skill level 10 in Spellcasting
  6043 | Sewer    | Found a white marble altar of Elyvilon.
  6122 | D:5      | Reached XP level 8. HP: 46/46 MP: 10/28
  6210 | D:5      | Learned a level 5 spell: Iskenderun's Battlesphere
  6226 | D:5      | Found a shadowy altar of Dithmenos.
  6527 | D:5      | Found Bodoaf's Jewellery Shoppe.
  7523 | D:6      | Noticed Grinder
  7526 | D:6      | Killed Grinder
  7687 | D:6      | Reached XP level 9. HP: 51/51 MP: 8/29
  7688 | D:6      | Acquired Sif Muna's third power
  7688 | D:6      | Reached skill level 10 in Conjurations
  7855 | D:6      | Noticed a hill giant
  7861 | D:6      | Killed a hill giant
  7861 | D:6      | Reached skill level 11 in Conjurations
  8013 | D:6      | Found a blossoming altar of Fedhas.
  8410 | D:6      | Reached skill level 12 in Conjurations
  9125 | D:7      | Reached skill level 1 in Charms
  9411 | D:3      | Killed Natasha
  9471 | D:3      | Killed Sigmund
  9513 | D:3      | Killed a phantom
  9513 | D:3      | Reached XP level 10. HP: 50/56 MP: 2/31
  9621 | D:3      | Killed an ogre
 11254 | D:8      | Reached skill level 5 in Dodging
 11282 | D:8      | Found a shattered altar of Ashenzari.
 11384 | D:8      | Upgraded the game from 0.16-a0-2675-g216447c to 0.16-a0-2702-gfff482a
 11704 | D:8      | Learned a level 4 spell: Control Teleport
 12691 | D:8      | Reached skill level 1 in Short Blades
 12732 | D:9      | Got a faintly glowing scale mail
 12743 | D:9      | Identified the +0 scale mail of Pride {MR+ Dex+1 Stlth++} (You found it on level 9 of the Dungeon)
 12894 | D:9      | Reached skill level 5 in Charms
 13164 | D:9      | Noticed Erolcha
 13168 | D:9      | Killed Erolcha
 13293 | D:9      | Reached skill level 5 in Short Blades
 13507 | D:9      | Noticed Eustachio
 13511 | D:9      | Killed Eustachio
 13606 | D:9      | Noticed a five-headed hydra
 13612 | D:9      | Killed a five-headed hydra
 13612 | D:9      | Reached XP level 11. HP: 61/61 MP: 8/31
 14081 | D:9      | Noticed a moth of wrath
 15138 | D:10     | Entered Level 10 of the Dungeon
 15138 | D:10     | Noticed Josephine
 15141 | D:10     | Killed Josephine
 15141 | D:10     | Received a gift from Sif Muna
 15375 | D:10     | Noticed a hill giant
 15409 | D:9      | Reached skill level 13 in Conjurations
 15651 | D:10     | Noticed a hill giant
 15783 | D:10     | Noticed Erica
 15786 | D:10     | Killed Erica
 16466 | D:10     | Learned a level 3 spell: Flight
 16472 | D:10     | Learned a level 5 spell: Phase Shift
 16512 | D:10     | Reached skill level 1 in Translocations
 16785 | D:10     | Noticed Harold
 16962 | D:10     | Killed Harold
 17000 | D:10     | Killed a hill giant
 17000 | D:10     | Reached skill level 5 in Translocations
 17685 | D:10     | Noticed a hill giant
 17689 | D:10     | Killed a hill giant
 17782 | D:10     | Noticed a hill giant
 17785 | D:10     | Killed a hill giant
 17962 | D:10     | Reached XP level 12. HP: 66/66 MP: 23/32
 18135 | D:10     | Killed a hill giant
 18581 | D:11     | Noticed Gastronok
 18588 | D:11     | Killed Gastronok
 18835 | D:11     | Found a staircase to the Lair.
 18872 | D:11     | Reached skill level 1 in Evocations
 19294 | D:11     | Noticed Urug
 19308 | D:11     | Killed Urug
 19487 | D:11     | Reached skill level 5 in Evocations
 20778 | D:11     | Found a portal to a secret trove of treasure.
 20795 | D:11     | im eating an ice cream sandwich with one hand
 21699 | D:12     | Found a runed door.
 21702 | D:12     | Found a snail-covered altar of Cheibriados.
 21723 | D:12     | Found an ancient bone altar of Kikubaaqudgha.
 21791 | D:12     | Found a glowing golden altar of the Shining One.
 21794 | D:12     | Found a snail-covered altar of Cheibriados.
 21910 | D:12     | Found a white marble altar of Elyvilon.
 21957 | D:12     | Found a shimmering altar of Xom.
 22435 | D:12     | Found a staircase to the Orcish Mines.
 22441 | D:12     | Found a roughly hewn altar of Beogh.
 22770 | D:12     | Reached skill level 10 in Dodging
 23040 | Lair:1   | Entered Level 1 of the Lair of Beasts
 23128 | Lair:1   | Found a frozen archway.
 23293 | IceCv    | Entered an ice cave
 23300 | IceCv    | Reached XP level 13. HP: 52/71 MP: 12/33
 26385 | Lair:2   | Reached skill level 14 in Conjurations
 27449 | Lair:3   | Found a hole to the Spider Nest.
 27472 | Lair:3   | Reached skill level 10 in Translocations
 27762 | Lair:3   | Learned a level 2 spell: Stoneskin
 27835 | Lair:3   | Learned a level 5 spell: Irradiate
 27888 | Lair:3   | Reached skill level 1 in Transmutations
 27982 | Lair:3   | Received a gift from Sif Muna
 29516 | Lair:4   | Reached skill level 5 in Transmutations
 31067 | Lair:4   | Upgraded the game from 0.16-a0-2702-gfff482a to 0.16-a0-2757-g883b90a
 33164 | Lair:6   | Found a staircase to the Shoals.
 33209 | Lair:7   | Reached XP level 14. HP: 46/76 MP: 1/35
 33772 | Lair:7   | Found a labyrinth entrance.
 33778 | Lair:7   | great
 34652 | Lair:6   | HP: 1/76 [death yak (26)]
 34947 | Lair:7   | Received a gift from Sif Muna
 35199 | Lair:7   | Killed from afar by a manticore

Action                   |  1- 3 |  4- 6 |  7- 9 | 10-12 | 13-15 || total
-------------------------+-------+-------+-------+-------+-------++-------
Melee: Unarmed           |    13 |       |       |       |       ||    13
       Dagger            |       |    50 |    32 |   193 |   216 ||   491
Throw: Tomahawk          |       |       |       |       |     2 ||     2
 Cast: Magic Dart        |    99 |    90 |   199 |   178 |   127 ||   693
       Iskenderun's Myst |       |    10 |    97 |   454 |   433 ||   994
       Searing Ray       |       |       |       |     3 |       ||     3
       Iskenderun's Batt |       |       |       |     2 |     1 ||     3
       Phase Shift       |       |       |       |     1 |       ||     1
       Flight            |       |       |       |       |     1 ||     1
       Stoneskin         |       |       |       |       |     1 ||     1
Invok: Channel Energy    |       |     2 |     8 |    14 |    81 ||   105
Evoke: Wand              |       |       |       |     6 |    10 ||    16
  Use: Scroll            |     4 |     1 |     2 |    14 |    11 ||    32
       Potion            |       |       |       |     1 |     4 ||     5
 Stab: Sleeping          |       |       |       |     5 |     1 ||     6
       Confused          |       |       |       |     1 |       ||     1
  Eat: Bread ration      |     1 |     1 |       |       |     1 ||     3
       Chunk             |     1 |       |    18 |    43 |    37 ||    99
       Beef jerky        |     1 |       |     1 |     1 |     2 ||     5
       Meat ration       |     1 |       |       |       |       ||     1
       Pizza             |       |       |       |     2 |       ||     2
       Royal jelly       |       |       |       |     1 |     1 ||     2
       Fruit             |       |       |       |       |     2 ||     2
